 Dungeon Crawl Stone Soup version 0.30-a0-424-g7412bad402 (webtiles) character file.

Game seed: 5404340351205433517

14586 cforsyth the Spear-Bearer (level 11, -4/156 HPs)
             Began as a Minotaur Berserker on Dec 9, 2022.
             Was an Elder of Trog.
             Succumbed to poison (dark miasma)
             ... on level 2 of the Abyss.
             The game lasted 00:16:34 (10282 turns).

cforsyth the Spear-Bearer (Minotaur Berserker)     Turns: 10282, Time: 00:16:34

Health: -4/156     AC: 17    Str: 25    XL:     11   Next: 90%
Magic:  10/10      EV: 24    Int:  6    God:    Trog [****..]
Gold:   714        SH:  5    Dex: 15    Spells: 10/10 levels left

rFire   . . .      SeeInvis .    a - +0 spear
rCold   . . .      Faith    .    (no shield)
rNeg    . . .      Spirit   .    y - +5 ring mail of the Spider Nest {+Inv Int+2 Dex+4}
rPois   .          Reflect  +    (helmet restricted)
rElec   .          Harm     .    m - +2 cloak
rCorr   .          Rampage  .    v - +0 pair of gloves
Will    .....                    (no boots)
Stlth   ..........               n - amulet of reflection
HPRegen 0.46/turn                l - +4 ring of evasion
MPRegen 0.12/turn                q - +4 ring of evasion

@: berserking, lethally poisoned (-4 -> -138), slowed
A: horns 2, retaliatory headbutt
a: Renounce Religion, Evoke Invisibility, Berserk, Trog's Hand, Brothers in Arms


You were on level 2 of the Abyss.
You worshipped Trog.
Trog was greatly pleased with you.
You visited 2 branches of the dungeon, and saw 11 of its levels.
You visited the Abyss 1 time.

You collected 714 gold pieces.

Inventory:

Hand Weapons
 a - a +0 spear (weapon)
Armour
 m - a +2 cloak (worn)
 v - a +0 pair of gloves (worn)
 y - the +5 ring mail of the Spider Nest (worn) {+Inv Int+2 Dex+4}
   (You found it on level 6 of the Dungeon)

   Int:       It affects your intelligence (+2).
   Dex:       It affects your dexterity (+4).
   +Inv:      It lets you turn invisible.
Jewellery
 l - a +4 ring of evasion (left hand)
 n - an amulet of reflection (around neck)
 q - a +4 ring of evasion (right hand)
 w - a +6 ring of strength
Wands
 D - a wand of roots (5)
 E - a wand of paralysis (5)
 G - a wand of digging (2)
Scrolls
 b - 2 scrolls of poison {unknown}
 e - a scroll of silence {unknown}
 i - 2 scrolls of vulnerability {unknown}
 k - a scroll of butterflies {unknown}
 o - 5 scrolls of blinking
 r - 2 scrolls of magic mapping {unknown}
 t - 2 scrolls of teleportation {unknown}
 z - a scroll of summoning {unknown}
 A - 5 scrolls of enchant armour
 B - 2 scrolls of enchant weapon {unknown}
Potions
 c - a potion of might {unknown}
 f - 3 potions of flight
 g - 2 potions of haste
 j - 7 potions of curing
 s - a potion of lignification
 u - 2 potions of heal wounds
 x - 3 potions of mutation
 C - a potion of ambrosia
 F - a potion of attraction
 H - a potion of invisibility
 I - 2 potions of resistance


   Skills:
 + Level 11.6 Fighting
 + Level 11.7 Polearms
 + Level 11.3 Armour
 + Level 10.4 Dodging
 + Level 5.4 Evocations


You had 10 spell levels left.
You didn't know any spells.
Your spell library was empty.

Dungeon Overview and Level Annotations

Branches:
Dungeon (9/15)             Temple (0/1) D:4            Lair (2/5) D:9
  Swamp: Lair:2-3    Shoals: Lair:2-3     Snake: Lair:2-3    Spider: Lair:2-3
    Orc: D:9-12

Altars:
Hepliaklqana
Uskayaw

Shops:
D:5 [   D:8 *

Annotations:
D:8 3 runed translucent doors, MakMorn's ghost, novice AtFi
Lair:2 Sonja


Innate Abilities, Weirdness & Mutations

You have a pair of horns on your head.
You reflexively headbutt those who attack you in melee.


Message History

The death drake is moderately wounded.
You are engulfed in dark miasma.
You are more poisoned.
You feel extremely sick.
The death drake bites you but does no damage.
You miss the death drake.
The death drake is moderately wounded.
You are engulfed in dark miasma.
You are lethally poisoned!
You feel extremely sick.
Unknown command.
You hit the death drake. You headbutt the death drake!!
The death drake is severely wounded.
You are engulfed in dark miasma.
You are more poisoned.
You feel as though you will be slow longer.
You feel extremely sick. The death drake closely misses you.
You furiously retaliate!
You headbutt the death drake! You barely miss the death drake.
Your headbutt misses the death drake.
The death drake is severely wounded.
You are engulfed in dark miasma.
You are more poisoned.
* * * LOW HITPOINT WARNING * * *
You feel extremely sick. You block the death drake's attack.
You puncture the death drake!
The death drake is almost dead.
You are engulfed in dark miasma.
You are more poisoned.
You feel as though you will be slow longer.
* * * LOW HITPOINT WARNING * * *
You feel extremely sick.
You puncture the death drake!
You feel the power of Trog in you as your rage grows.
You kill the death drake!
Trog accepts your kill.
You are engulfed in dark miasma.
You are more poisoned.
* * * LOW HITPOINT WARNING * * *
You die...

.#.... . .. ..#
#.#.. #.. # ##
#...# #.. ####.##
.... #.....##.
##...###........#
..... #@#........
..........# ... ..
#.#...#....##......
#... .#.....# ...#
#... ..............
..⌠ ......#.......
#. .....#....... #
#..#.. ...#... ...#
###.##


There were no monsters in sight!

Vanquished Creatures
  Gastronok (Lair:2)
  A catoblepas (Lair:1)
  A hydra (Lair:1)
  Erica (D:9)
  A death drake (Abyss:2)
  3 cane toads
  Maggie (D:8)
  3 komodo dragons
  2 trolls (D:9)
  Prince Ribbit (D:8)
  5 blink frogs
  2 wyverns
  A wraith (D:7)
  19 yaks
  A basilisk (Lair:1)
  2 steam dragons (D:8)
  A vampire mosquito (D:7)
  A large abomination (Abyss:2)
  4 water moccasins
  4 sky beasts
  An orc warrior (D:9)
  3 black bears
  An ogre (D:6)
  4 centaurs
  4 wolves (Lair:1)
  3 kobold brigands
  9 bullfrogs
  2 necrophages (D:5)
  2 scorpions (D:6)
  7 wights
  9 killer bees
  4 howler monkeys
  2 hounds
  3 orc priests (D:9)
  3 jellies
  A gnoll bouda (D:5)
  4 iguanas
  2 orc wizards
  8 adders
  4 gnolls (D:5)
  A white imp (D:7)
  A worm (D:5)
  2 dart slugs (D:1)
  6 orcs
  2 endoplasms (D:1)
  4 giant cockroaches
  5 goblins
  3 hobgoblins
  4 jackals (D:3)
  22 kobolds
  A quokka (D:4)
  3 bats
  3 frilled lizards
  5 rats
  A bush (D:1)
194 creatures vanquished.

Vanquished Creatures (others)
  A sky beast (D:8)
  A kobold (D:8)
  4 fungi (D:9)
  2 plants (D:9)
8 creatures vanquished.

Grand Total: 202 creatures vanquished

Notes
Turn   | Place    | Note
-------+----------+-------------------------------------------
     0 | D:1      | cforsyth the Minotaur Berserker began the quest for the
                  | Orb.
     0 | D:1      | Reached XP level 1. HP: 19/19 MP: 0/0
    53 | D:1      | Found a faded altar of an unknown god.
   231 | D:1      | Reached XP level 2. HP: 27/27 MP: 1/1
  1326 | D:2      | Reached XP level 3. HP: 33/33 MP: 2/2
  2177 | D:3      | Reached ** piety under Trog
  2214 | D:3      | Reached XP level 4. HP: 41/41 MP: 3/3
  2262 | D:3      | Found a hide-covered altar of Uskayaw.
  2262 | D:3      | Found a hazy altar of Hepliaklqana.
  2930 | D:4      | Reached XP level 5. HP: 40/47 MP: 4/4
  3096 | D:4      | Found a staircase to the Ecumenical Temple.
  3158 | D:4      | Noticed a black bear
  3167 | D:4      | Killed a black bear
  3168 | D:4      | Reached skill level 5 in Fighting
  3168 | D:4      | Reached skill level 5 in Polearms
  3630 | D:5      | Entered Level 5 of the Dungeon
  3695 | D:5      | Reached XP level 6. HP: 56/56 MP: 5/5
  3951 | D:5      | Found Deumooni's Antique Armour Shop.
  4229 | D:6      | Reached XP level 7. HP: 53/62 MP: 6/6
  4270 | D:6      | Reached skill level 5 in Armour
  4347 | D:6      | Reached skill level 5 in Dodging
  4490 | D:6      | Identified the +5 ring mail of the Spider Nest {+Inv Int+2
                  | Dex+4}
  4727 | D:6      | Reached XP level 8. HP: 71/71 MP: 7/7
  5168 | D:7      | Noticed a komodo dragon
  5187 | D:7      | Killed a komodo dragon
  5274 | D:7      | Reached XP level 9. HP: 81/81 MP: 8/8
  5312 | D:7      | Reached *** piety under Trog
  5611 | D:8      | Found Zatefiq's Elemental Accessories.
  5837 | D:8      | Noticed Prince Ribbit
  5875 | D:8      | Killed Prince Ribbit
  5994 | D:8      | Noticed Maggie
  6006 | D:8      | Killed Maggie
  6097 | D:8      | Reached skill level 1 in Evocations
  6108 | D:8      | Reached XP level 10. HP: 82/91 MP: 9/9
  6188 | D:8      | Found a runed translucent gate.
  6188 | D:8      | Noticed MakMorn's ghost (novice AtFi)
  6189 | D:8      | Found a runed translucent gate.
  6190 | D:8      | Found a runed translucent gate.
  6216 | D:8      | Identified the +5 plate armour "Gimamoj" {rN+ Dex-4 Slay+6}
  6632 | D:9      | Reached **** piety under Trog
  6651 | D:9      | Reached skill level 10 in Polearms
  6816 | D:9      | Reached skill level 10 in Fighting
  7140 | D:9      | Reached skill level 10 in Armour
  7205 | D:9      | Found a staircase to the Lair.
  7246 | D:9      | Noticed Erica
  7576 | D:9      | Paralysed by Erica for 2 turns
  7593 | D:9      | Paralysed by Erica for 2 turns
  7603 | D:9      | Killed Erica
  7604 | D:9      | Reached XP level 11. HP: 63/101 MP: 10/10
  8035 | Lair:1   | Entered Level 1 of the Lair of Beasts
  8440 | Lair:1   | Noticed a six-headed hydra
  8454 | Lair:1   | Killed a six-headed hydra
  8821 | Lair:1   | Noticed a catoblepas
  8870 | Lair:1   | Killed a catoblepas
  9243 | Lair:1   | Reached skill level 10 in Dodging
  9582 | Lair:1   | Reached skill level 5 in Evocations
  9654 | Lair:1   | You fall into a shaft and drop 1 floor!
 10097 | Lair:2   | Noticed Gastronok
 10120 | Lair:2   | Killed Gastronok
 10173 | Lair:2   | Noticed Sonja
 10183 | Abyss:2  | Cast into level 2 of the Abyss (Sonja)
 10261 | Abyss:2  | Noticed a death drake
 10282 | Abyss:2  | Killed a death drake
 10282 | Abyss:2  | Succumbed to poison (dark miasma)

Illustrated notes

Levels and vault maps discovered:
D:1:      giann_horns, layout_basic, dreamdust_ecumenical_altar_statues,
          serial_forest, infiniplex_forest_end_3,
          infiniplex_forest_lined_room_3, infiniplex_forest_straight_2,
          infiniplex_forest_clump_tiny, infiniplex_forest_clump_large,
          infiniplex_forest_lined_3, infiniplex_forest_clump_long,
          grunt_decor_fettered
D:2:      layout_basic
D:3:      layout_basic, mainiacjoe_overflow_divided_tiny, chequers_arboretum
D:4:      layout_loops_ring, minmay_temple_entry_wispy
D:5:      layout_rooms, serial_shops, nicolae_take_the_stairs
D:6:      layout_cave_pools
D:7:      minmay_chambers_of_sixes, layout_rooms, minmay_microvault
D:8:      layout_basic, biasface_ghost_orc_armoury, nicolae_elemental_shop,
          corexii_hall_statues_x, hangedman_misty_isle, uniq_maggie,
          uniq_prince_ribbit1
D:9:      layout_long_grid, dpeg_oklobed_lair, kennysheep_big_empty_room,
          uniq_erica
Lair:1:   layout_cellular_growth, serial_bayou_shore_b, grunt_megastairs_1
Lair:2:   layout_layer_cave, portal_ice_cave_entry_pillars_1, lemuel_fruit_tree,
          infiniplex_staircase_pool_2, grunt_megastairs_2, uniq_gastronok,
          uniq_sonja
Abyss:2:  base:
D:15

Skill      XL: |  1  2  3  4  5  6  7  8  9 10 11 |
---------------+----------------------------------+-----
Fighting       | 4 5 6 7 9 10 11 | 11.6
Polearms       | 4 5 6 8 9 10 11 | 11.7
Armour         | 3 4 6 7 8 10 11 | 11.3
Dodging        | 3 4 5 6 8 9 10 | 10.4
Evocations     | 1 3 5 |  5.4

Action                   |  1- 3 |  4- 6 |  7- 9 | 10-12 || total
-------------------------+-------+-------+-------+-------++-------
Melee: Spear             |   161 |    91 |   301 |   544 ||  1097
       Headbutt          |    33 |    22 |    72 |   132 ||   259
       Punch             |     1 |     1 |     4 |    13 ||    19
Invok: Berserk           |       |       |       |     5 ||     5
       Trog's Hand       |       |       |       |     2 ||     2
  Use: Scroll            |       |       |       |    14 ||    14
 Stab: Sleeping          |     1 |       |       |       ||     1
Armor: Animal skin       |    13 |     8 |       |       ||    21
       Scale mail        |       |     9 |     5 |       ||    14
       Ring mail         |       |       |    29 |    55 ||    84
Dodge: Dodged            |    40 |    39 |   183 |   305 ||   567
Block: Other             |       |    11 |    55 |    58 ||   124
       Reflection        |       |       |     7 |       ||     7

Table legend: (Time is in decaauts)
 A = Elapsed time spent in this place.
 B = Non-inter-level travel time spent in this place.
 C = Inter-level travel time spent in this place.
 D = Time resting spent in this place.
 E = Time spent auto-exploring this place.
 F = Levels seen in this place.
 G = Mean time per level.
                   A        B        C        D        E       F      G
               +--------+--------+--------+--------+--------+-----+--------+
         Total |   9976 |   9557 |    419 |    714 |   7264 |  12 |  831.3 |
       Dungeon |   8053 |   7675 |    378 |    464 |   6037 |   9 |  894.8 |
          Lair |   1824 |   1783 |     41 |    181 |   1227 |   2 |  912.0 |
         Abyss |     99 |     99 |      0 |     68 |      0 |   1 |   99.0 |
               +--------+--------+--------+--------+--------+-----+--------+

Top non-repeatable levels by time:
  Lair:1: 1635 daAuts
     D:9: 1358 daAuts
     D:1: 1221 daAuts
     D:8: 1168 daAuts
     D:3: 969 daAuts
     D:4: 787 daAuts
     D:7: 694 daAuts
     D:6: 682 daAuts
     D:2: 628 daAuts
     D:5: 542 daAuts
  Lair:2: 188 daAuts
 Abyss:2: 99 daAuts
